 Dungeon Crawl Stone Soup version 0.23-a0-625-g1d2cd9b (webtiles) character file.

37087 Matador8 the Carver (level 13, -16/93 HPs)
             Began as a Vampire Enchanter on Dec 24, 2018.
             Was the Champion of Dithmenos.
             Demolished by a sun demon (19 damage)
             ... summoned by an orc high priest
             ... on level 2 of the Orcish Mines on Dec 25, 2018.
             The game lasted 04:34:24 (30952 turns).

Matador8 the Carver (Vampire Enchanter)            Turns: 30952, Time: 04:34:25

Health: -16/93     AC: 14    Str: 11      XL:     13   Next: 56%
Magic:  26/30      EV: 14    Int: 17 (19) God:    Dithmenos [******]
Gold:   1245       SH:  0    Dex: 14      Spells: 3/22 levels left

rFire    . . .     SeeInvis +   a - +1 scimitar (flame)
rCold    + . .     Gourm    .   (no shield)
rNeg     . . .     Faith    .   W - +1 ring mail {rC+}
rPois    .         Spirit   .   (no helmet)
rElec    .         Reflect  .   g - +0 cloak {+Inv}
rCorr    .         Harm     .   V - +1 pair of gloves
MR       +....                  (no boots)
Stlth    +++++++...             U - amulet of regeneration
HPRegen  0.85/turn              I - ring of magical power
MPRegen  0.22/turn              u - +4 ring of protection

@: regenerating quickly, wreathed by umbra
A: fangs 3, see invisible, unbreathing
a: Shadow Step, Shadow Form, Renounce Religion, Evoke Invisibility


You were on level 2 of the Orcish Mines.
You worshipped Dithmenos.
Dithmenos was exalted by your worship.
You were full.

You visited 3 branches of the dungeon, and saw 18 of its levels.

You collected 1485 gold pieces.
You spent 240 gold pieces at shops.

Inventory:

Hand Weapons
 a - a +1 scimitar of flaming (weapon)
 b - a +4 dagger of speed
 o - a +0 shortbow of freezing
 S - the +6 long sword of Iguak {slice, Dex+4}
   (You found it on level 2 of the Lair of Beasts)

   It inflicts extra damage upon your enemies.
   It affects your dexterity (+4).
Missiles
 s - 14 arrows
Armour
 c - a +2 robe of magic resistance
 g - a +0 cloak of invisibility (worn)
 x - a +3 chain mail
 E - a +0 shield
 V - a +1 pair of gloves (worn)
 W - a +1 ring mail of cold resistance (worn)
Jewellery
 p - a +2 ring of strength
 q - an uncursed amulet of guardian spirit
 t - an uncursed ring of positive energy
 u - a +4 ring of protection (right hand)
 y - an uncursed ring of protection from magic
 C - an uncursed ring of protection from fire
 I - a ring of magical power (left hand)
 U - an amulet of regeneration (around neck)
Wands
 h - a wand of paralysis (8)
 B - a wand of acid (14)
 H - a wand of flame (47)
 L - a wand of iceblast (6)
 N - a wand of disintegration (28)
Scrolls
 e - 8 scrolls of remove curse
 f - a scroll of identify
 i - 4 scrolls of enchant armour
 j - 2 scrolls of teleportation
 k - 2 scrolls of magic mapping
 v - 3 scrolls of fog
 w - 4 scrolls of enchant weapon
 D - a scroll of vulnerability
 O - 2 scrolls of amnesia
 P - a scroll of acquirement {unknown}
 Q - 2 scrolls of noise
 T - a scroll of holy word {unknown}
Potions
 d - 34 potions of blood
 l - a potion of might
 m - 2 potions of curing
 n - 3 potions of mutation
 r - 2 potions of haste
 z - 3 potions of brilliance
 G - 2 potions of lignification
 J - a potion of magic
 M - 2 potions of flight
 R - a potion of ambrosia


   Skills:
 - Level 6.1 Fighting
 - Level 11.0(13.5) Short Blades
 + Level 12.2(13.5) Long Blades
 - Level 4.4 Armour
 - Level 6.9 Dodging
 - Level 10.6 Stealth
 - Level 5.3 Spellcasting
 - Level 10.0 Hexes
 - Level 8.2 Ice Magic
 - Level 4.4 Invocations


You had 3 spell levels left.
You knew the following spells:

 Your Spells              Type           Power        Failure   Level  Hunger
a - Corona                Hex            #####..      1%          1    None
b - Ensorcelled Hibernat  Hex/Ice        #####.       1%          2    #......
c - Dazzling Spray        Conj/Hex       ###...       12%         3    ##.....
d - Confuse               Hex            #####...     1%          3    ##.....
e - Tukima's Dance        Hex            #####...     1%          3    ##.....
f - Throw Frost           Conj/Ice       ###...       9%          2    #......
g - Freeze                Ice            ####         1%          1    None
h - Cause Fear            Hex            #####.....   4%          4    ####...

Your spell library contained the following spells:

 Spells                   Type           Power        Failure   Level  Hunger
 Ozocubu's Armour         Chrm/Ice       ###.....     17%         3    ##.....
 Summon Ice Beast         Ice/Summ       ###.....     50%         4    ####...
 Throw Icicle             Conj/Ice       ###.....     50%         4    ####...
 Silence                  Hex/Air        ###.......   71%         5    ######.
 Yara's Violent Unravell  Hex/Tmut       ###.......   71%         5    ######.
 Deflect Missiles         Chrm/Air       #.........   100%        6    #######
 Discord                  Hex            #####.....   100%        8    #######


Dungeon Overview and Level Annotations

Branches:
Dungeon (12/15)            Temple (0/1) D:7            Lair (4/6) D:8
 Shoals (0/4) Lair:2        Snake (0/4) Lair:2          Orc (2/2) D:12
    Elf (0/3) Orc:2

Altars:
Cheibriados
Dithmenos
Elyvilon
Fedhas
Gozag
Makhleb
Nemelex Xobeh
Okawaru
Trog

Shops:
D:6 ?   D:10 *(*   Orc:2 *?

Annotations:
D:2 Robin, Sigmund
D:4 3 runed doors, pidr's ghost, amateur OpFi
D:5 Menkaure; Prince Ribbit
D:11 3 runed doors, Leeroy's ghost, journeyman GnSk
Lair:1 2 transporters, Gareihy's ghost, journeyman GnWr
Lair:4 Rupert
Orc:2 3 runed doors, exclusion: obsidian statue, mopl's ghost, journeyman TrHu


Innate Abilities, Weirdness & Mutations

Your natural rate of healing is unusually fast.
You have razor-sharp teeth.
You have supernaturally acute eyesight. (SInv)
You can survive without breathing.


Message History

a +0 leather armour; a +4 hand axe
Press: ? - help, v - describe, . - travel, g - get item
Here: a sun demon (black smoke, summoned, umbra)
A +0 leather armour.
There is something else lying underneath.
The floor, spattered with blood.
You fail to use your ability.
The sun demon closely misses you.
You riposte.
You hit the sun demon.
The sun demon is lightly wounded.
Things that are here:
a +0 trident; a +0 scale mail
Okay, then.
The sun demon hits you!
* * * LOW HITPOINT WARNING * * *
You are engulfed in flames!
* * * LOW HITPOINT WARNING * * *
You feel better. The sun demon hits you!
* * * LOW HITPOINT WARNING * * *
You are engulfed in flames!!
You die...

#####.#........................#
##..........................
##..).........))............
#..........................#
##..#..)).#.)).............#
#.)......)................# ##
##.[..)).[...............##
.######.......[..4..............#
.#....#.........@3§§.....).......
....####..)#(#.§.§o§§).......#..#
.[[..#.##).###)§§§§§§........#.##
..[[)[.#)....#######§§.#######..#
...#..)).....# ##.).§...## #...
..###.[....#.# #..#o..#..# #..#
..# ##......## ##..)o.....## #..#
#####......## #...#...#...# #...
.###......#.# ##...........###...


You could see an orc high priest, a sun demon and an ice devil.

Vanquished Creatures
  An orc warlord (D:12)
  Josephine (D:11)
  Erolcha (D:12)
  Erica (D:8)
  2 two-headed ogres
  4 orc high priests (Orc:2)
  Nergalle (Lair:3)
  3 skeletal warriors (D:11)
  5 orc knights (Orc:2)
  Pikel (D:8)
  4 orc sorcerers
  A manticore (D:12)
  Maurice (Orc:2)
  4 spiny frogs
  A kobold demonologist (D:11)
  4 komodo dragons
  2 trolls
  6 hippogriffs
  13 blink frogs
  A shadow (D:11)
  22 yaks
  A wyvern (Lair:2)
  A basilisk (Lair:1)
  3 wraiths
  A hog (D:10)
  A human (D:10)
  2 hungry ghosts
  A warg (D:12)
  3 nagas (Lair:2)
  Edmund (D:5)
  5 water moccasins
  A soldier ant (D:11)
  Duvessa (D:6)
  3 porcupines
  37 orc warriors
  2 phantoms
  A sky beast (D:11)
  4 ice beasts
  8 ogres
  An eye of draining (D:11)
  A necrophage (D:7)
  5 wolves
  6 centaurs
  3 crocodiles
  3 big kobolds
  Blork the orc (D:5)
  10 bullfrogs
  Dowan (D:7)
  A scorpion (Lair:1)
  19 killer bees
  4 wights (D:8)
  4 howler monkeys
  7 crimson imps
  3 quasits
  2 centaur zombies
  2 bullfrog zombies
  35 orc priests
  9 hounds
  A jelly (D:8)
  6 centaur skeletons
  A gnoll shaman (Orc:2)
  13 orc wizards
  Jessica (D:2)
  An iguana (D:4)
  10 worker ants
  A hound skeleton (D:8)
  A howler monkey skeleton (D:5)
  7 gnolls
  13 adders
  A shadow imp (D:5)
  2 oozes (D:3)
  An adder skeleton (D:4)
  3 worms
  4 dart slugs
  5 leopard geckos
  95 orcs
  2 ball pythons
  5 bats
  7 giant cockroaches
  5 goblins
  8 hobgoblins
  12 jackals
  7 quokkas
  7 frilled lizards
  21 kobolds
  4 rats (D:1)
516 creatures vanquished.

Vanquished Creatures (others)
  4 slaves (D:8)
  A wight (D:8)
  A hound skeleton (D:8)
  An orc (D:12)
  A fungus (Lair:3)
  2 plants (Lair:3)
10 creatures vanquished.

Grand Total: 526 creatures vanquished

Notes
Turn   | Place    | Note
-------+----------+-------------------------------------------
     0 | D:1      | Matador8 the Vampire Enchanter began the quest for the Orb.
     0 | D:1      | Reached XP level 1. HP: 13/13 MP: 3/3
   565 | D:1      | Reached XP level 2. HP: 19/19 MP: 1/5
   628 | D:1      | Learned a level 2 spell: Ensorcelled Hibernation
   994 | D:1      | Reached skill level 5 in Stealth
  1180 | D:1      | Reached skill level 5 in Hexes
  1705 | D:2      | Reached XP level 3. HP: 24/24 MP: 4/6
  1728 | D:2      | Noticed Sigmund
  1852 | D:2      | Noticed Jessica
  1859 | D:2      | Killed Jessica
  1897 | D:2      | Learned a level 3 spell: Dazzling Spray
  2014 | D:2      | Noticed Robin
  2154 | D:2      | Reached XP level 4. HP: 27/30 MP: 5/7
  2274 | D:2      | Found a shadowy altar of Dithmenos.
  2305 | D:2      | Became a worshipper of Dithmenos the Shadowed
  2425 | D:2      | Found a snail-covered altar of Cheibriados.
  3013 | D:3      | Reached XP level 5. HP: 16/35 MP: 0/8
  3642 | D:4      | Noticed an ogre
  3655 | D:4      | Killed an ogre
  3655 | D:4      | Reached XP level 6. HP: 41/41 MP: 6/9
  3691 | D:4      | Reached * piety under Dithmenos
  4682 | D:4      | Learned a level 3 spell: Confuse
  5022 | D:4      | Reached XP level 7. HP: 40/46 MP: 0/10
  5103 | D:4      | Found a runed gate.
  5117 | D:4      | Found a runed gate.
  5119 | D:4      | Found a runed gate.
  5120 | D:4      | Noticed pidr's ghost (amateur OpFi)
  5237 | D:4      | Found a bloodstained altar of Trog.
  5334 | D:5      | Entered Level 5 of the Dungeon
  5368 | D:5      | Reached skill level 5 in Short Blades
  5413 | D:5      | Noticed Prince Ribbit
  5504 | D:5      | Noticed Menkaure
  5783 | D:5      | Reached skill level 1 in Invocations
  5788 | D:5      | Noticed Edmund
  5799 | D:5      | Killed Edmund
  5954 | D:5      | Reached XP level 8. HP: 46/52 MP: 11/11
  6443 | D:5      | Noticed Blork the orc
  7212 | D:5      | Killed Blork the orc
  7270 | D:6      | Found Puqesiot's Magic Scroll Shop.
  7371 | D:6      | Found a sparkling altar of Nemelex Xobeh.
  7371 | D:6      | Found a blossoming altar of Fedhas.
  7450 | D:6      | Found a white marble altar of Elyvilon.
  7463 | D:6      | Reached ** piety under Dithmenos
  7778 | D:6      | Found an iron altar of Okawaru.
  7778 | D:6      | Found a bloodstained altar of Trog.
  7947 | D:7      | Noticed a hippogriff
  8012 | D:7      | Noticed a hippogriff
  8333 | D:7      | Noticed Dowan
  8368 | D:7      | Noticed Duvessa
  8401 | D:7      | Killed Dowan
  8401 | D:7      | Reached XP level 9. HP: 57/57 MP: 9/12
  8586 | D:7      | Reached skill level 10 in Hexes
  8651 | D:7      | Found a staircase to the Ecumenical Temple.
  8789 | D:6      | Killed Duvessa
  9224 | D:7      | Learned a level 3 spell: Tukima's Dance
 10095 | D:8      | Noticed Pikel
 10098 | D:8      | Killed Pikel
 10098 | D:8      | Reached skill level 10 in Short Blades
 10098 | D:8      | Reached skill level 10 in Stealth
 10105 | D:8      | Noticed a death yak
 10105 | D:8      | Noticed a death yak
 10107 | D:8      | Found a staircase to the Lair.
 10833 | D:8      | Reached XP level 10. HP: 36/63 MP: 7/15
 10909 | D:8      | Noticed Erica
 10912 | D:8      | Killed Erica
 10920 | D:8      | Noticed a death yak
 11070 | D:9      | Reached *** piety under Dithmenos
 11690 | D:9      | Reached skill level 1 in Fighting
 11761 | D:10     | Entered Level 10 of the Dungeon
 11836 | D:10     | Found Bayn's General Store.
 11840 | D:10     | Bought a scroll of identify for 24 gold pieces
 11840 | D:10     | Bought a scroll of identify for 24 gold pieces
 11908 | D:10     | Noticed Josephine
 12135 | D:8      | Reached skill level 5 in Spellcasting
 12157 | D:8      | Found a burning altar of Makhleb.
 12472 | Lair:1   | Entered Level 1 of the Lair of Beasts
 12492 | Lair:1   | Learned a level 2 spell: Throw Frost
 12508 | D:8      | Reached skill level 1 in Long Blades
 12542 | Lair:1   | Reached skill level 1 in Ice Magic
 12622 | Lair:1   | Reached skill level 2 in Long Blades
 12693 | Lair:1   | Noticed Gareihy's ghost (journeyman GnWr)
 12696 | Lair:1   | Found a transporter.
 12783 | Lair:1   | Reached skill level 5 in Fighting
 12823 | Lair:1   | Noticed a spiny frog
 12831 | Lair:1   | Killed a spiny frog
 12884 | Lair:1   | Found a transporter.
 12931 | Lair:1   | Noticed a spiny frog
 12938 | Lair:1   | Killed a spiny frog
 12938 | Lair:1   | Reached XP level 11. HP: 80/80 MP: 19/19
 13668 | Lair:2   | Found a staircase to the Shoals.
 13684 | Lair:2   | Found a bloodstained altar of Trog.
 13798 | Lair:2   | Reached skill level 3 in Long Blades
 13875 | Lair:2   | Found a staircase to the Snake Pit.
 13878 | Lair:2   | Got an ebony long sword
 14189 | Lair:2   | Identified the +6 long sword of Iguak {slice, Dex+4} (You
                  | found it on level 2 of the Lair of Beasts)
 16687 | D:10     | Found Mubbetol's General Store.
 16730 | D:10     | Found Pudemecs's Antique Weapon Shop.
 16823 | D:10     | Reached skill level 4 in Long Blades
 16823 | D:10     | Reached skill level 1 in Armour
 18266 | D:11     | Noticed a green ugly thing
 18439 | D:11     | Noticed a two-headed ogre
 18451 | D:11     | Killed a two-headed ogre
 18458 | D:11     | Reached **** piety under Dithmenos
 18502 | D:11     | Learned a level 1 spell: Freeze
 18626 | D:11     | Reached skill level 5 in Long Blades
 18716 | D:11     | Reached skill level 5 in Ice Magic
 18728 | D:11     | Noticed a skeletal warrior
 19073 | D:11     | Noticed a skeletal warrior
 19073 | D:11     | Noticed a skeletal warrior
 19699 | Lair:3   | Reached skill level 5 in Dodging
 20852 | Lair:2   | Reached XP level 12. HP: 24/88 MP: 3/20
 21771 | Lair:3   | Reached skill level 6 in Long Blades
 21991 | Lair:3   | Noticed Nergalle
 22018 | Lair:3   | Killed Nergalle
 22711 | Lair:4   | Noticed Rupert
 22713 | Lair:4   | Paralysed by Rupert for 5 turns
 22952 | D:11     | Killed Josephine
 23252 | D:11     | Found a runed gate.
 23252 | D:11     | Found a runed gate.
 23252 | D:11     | Found a runed gate.
 23252 | D:11     | Found an opulent altar of Gozag.
 23253 | D:11     | Noticed Leeroy's ghost (journeyman GnSk)
 23974 | D:11     | Reached skill level 7 in Long Blades
 24490 | D:12     | Noticed Erolcha
 24493 | D:12     | Killed Erolcha
 24665 | D:12     | Reached skill level 8 in Long Blades
 24705 | D:12     | Found a staircase to the Orcish Mines.
 24871 | D:12     | Reached ***** piety under Dithmenos
 25267 | D:12     | Noticed an eight-headed hydra
 25452 | Orc:1    | Entered Level 1 of the Orcish Mines
 26616 | Orc:1    | Noticed an orc warlord
 26683 | D:12     | Reached skill level 9 in Long Blades
 27043 | D:12     | Killed an orc warlord
 27043 | D:12     | Reached XP level 13. HP: 47/93 MP: 1/21
 27184 | Orc:1    | Paralysed by an orc sorcerer for 4 turns
 27323 | Orc:1    | Paralysed by an orc sorcerer for 4 turns
 27516 | Orc:2    | Entered Level 2 of the Orcish Mines
 27841 | Orc:1    | Learned a level 4 spell: Cause Fear
 27998 | Orc:2    | Reached skill level 10 in Long Blades
 28860 | Orc:2    | Found a runed gate.
 28905 | Orc:2    | Found a runed gate.
 28908 | Orc:2    | Found a runed gate.
 28908 | Orc:2    | Found an opulent altar of Gozag.
 28910 | Orc:2    | Noticed mopl's ghost (journeyman TrHu)
 28913 | Orc:2    | Found Booheghi's Assorted Antiques.
 29598 | Orc:2    | Reached skill level 11 in Long Blades
 29646 | Orc:2    | Found a staircase to the Elven Halls.
 29649 | Orc:2    | Noticed Maurice
 30008 | Orc:2    | Killed Maurice
 30064 | Orc:2    | Found Kaargh's Magic Scroll Emporium.
 30189 | Orc:2    | Bought a scroll of identify for 32 gold pieces
 30189 | Orc:2    | Bought a scroll of identify for 32 gold pieces
 30189 | Orc:2    | Bought a scroll of identify for 32 gold pieces
 30189 | Orc:2    | Bought a scroll of identify for 32 gold pieces
 30189 | Orc:2    | Bought a scroll of identify for 32 gold pieces
 30189 | Orc:2    | Bought a scroll of identify for 32 gold pieces
 30549 | Orc:2    | Reached ****** piety under Dithmenos
 30847 | Orc:2    | Reached skill level 12 in Long Blades
 30952 | Orc:2    | HP: 3/93 [sun demon[an orc high priest] (15)]
 30952 | Orc:2    | Demolished by a sun demon

Vault maps used:
D:1:      wander_arrival_chamber
D:2:      cheibriados_altar_1, old_standard_altar, fountainhead, uniq_jessica,
          uniq_robin, uniq_sigmund
D:3:      cheibrodos_old_hovel, first_ration
D:4:      ebering_ghost_rock_garden, trog_butcher_becter
D:5:      minmay_inner_zag, uniq_prince_ribbit1, uniq_edmund, uniq_menkaure,
          uniq_blork_the_orc
D:6:      grunt_temple_overflow_bloody_war, lemuel_crystal_altar,
          gammafunk_temple_overflow_elements, serial_shops, nicolae_shop_crystal
D:7:      lemuel_temple_firewalk_a, uniq_duvessa
D:8:      nicolae_overflow_crystal_walls, dpeg_lair_monsters,
          chequers_serial_rivers_micro_c, uniq_erica, uniq_pikel
D:10:     serial_shops, nicolae_shop_stone, kennysheep_mini, shop,
          grunt_livestock, uniq_josephine
D:11:     ebering_ghost_gozag, kennysheep_flooded_box
D:12:     hiddenorc2_lemuel, stair_cage_line, uniq_erolcha, uniq_azrael
Lair:1:   gammafunk_ghost_arena
Lair:2:   shoals_dummy_entry, guppyfry_snake_entry_garden, basic_altar
Lair:3:   wander_river, uniq_nergalle
Lair:4:   uniq_rupert
Orc:2:    st_orc_pillars, ebering_ghost_gozag, serial_shops, shop,
          nicolae_orc_bridge_out, uniq_maurice

Skill      XL: |  1  2  3  4  5  6  7  8  9 10 11 12 13 |
---------------+----------------------------------------+-----
Stealth        | 5 6 7 8 10 | 10.6
Short Blades   | 2 3 4 6 8 10 11 | 11.0
Hexes          | 5 6 7 8 9 10 | 10.0
Invocations    | 1 3 4 |  4.4
Spellcasting   | 3 5 |  5.3
Fighting       | 5 6 |  6.1
Long Blades    | 2 5 9 12 | 12.2
Ice Magic      | 2 5 8 |  8.2
Armour         | 3 4 |  4.4
Dodging        | 5 6 |  6.9

Action                   |  1- 3 |  4- 6 |  7- 9 | 10-12 | 13-15 || total
-------------------------+-------+-------+-------+-------+-------++-------
Melee: Dagger            |    86 |   139 |   417 |   239 |    80 ||   961
       Bite              |     4 |    10 |    41 |   116 |    54 ||   225
       Unarmed           |    12 |       |     2 |       |       ||    14
       Scimitar          |       |       |       |   554 |   331 ||   885
       Long sword        |       |       |       |   159 |       ||   159
 Cast: Corona            |    28 |    21 |    32 |    20 |     1 ||   102
       Ensorcelled Hiber |    10 |    23 |    41 |    15 |     5 ||    94
       Dazzling Spray    |       |     3 |    20 |    16 |     1 ||    40
       Confuse           |       |       |    11 |   140 |    70 ||   221
       Throw Frost       |       |       |       |    39 |    50 ||    89
       Freeze            |       |       |       |     2 |       ||     2
Invok: Shadow Step       |       |       |     1 |     2 |     1 ||     4
 Abil: End Transformatio |     2 |     3 |     5 |    10 |     1 ||    21
       Bat Form          |     2 |     3 |     5 |    10 |     1 ||    21
  Use: Potion            |     3 |     7 |    15 |    56 |    25 ||   106
       Scroll            |       |     4 |     5 |    12 |     7 ||    28
 Stab: Sleeping          |    11 |    27 |    45 |    39 |     2 ||   124
       Invisible         |       |     1 |     2 |     5 |       ||     8
       Confused          |       |       |     4 |    86 |    45 ||   135
       Distracted        |       |       |       |     6 |     5 ||    11
Armor: Robe              |    24 |    26 |    84 |    30 |     3 ||   167
       Ring mail         |       |       |       |   148 |    63 ||   211
Dodge: Dodged            |    64 |    95 |   301 |   515 |   215 ||  1190
       Rpst.: Scimitar   |       |       |       |    94 |    54 ||   148
       Long sword        |       |       |       |    29 |       ||    29

Table legend:
 A = Non-vault XP
 B = Vault XP
 C = Vault XP percentage of total XP
 D = Non-vault monster count
 E = Vault monster count
 F = Vault count percentage of total count
                 A         B        C        D         E       F
            +---------+---------+-------+---------+---------+-------
      Total |   36332 |   16650 |  31.4 |     391 |     126 |  24.4
            +---------+---------+-------+---------+---------+-------
        D:1 |      39 |       2 |   4.9 |      19 |       1 |   5.0
        D:2 |      39 |      37 |  48.7 |      20 |       1 |   4.8
        D:3 |     223 |       2 |   0.9 |      16 |       1 |   5.9
        D:4 |     567 |      10 |   1.7 |      28 |       4 |  12.5
        D:5 |     421 |     515 |  55.0 |      18 |       5 |  21.7
        D:6 |     746 |     152 |  16.9 |      11 |       2 |  15.4
        D:7 |    1415 |      69 |   4.6 |      23 |       1 |   4.2
        D:8 |    1383 |    1631 |  54.1 |      28 |       2 |   6.7
        D:9 |     698 |     198 |  22.1 |       7 |       1 |  12.5
       D:10 |    1396 |    1320 |  48.6 |      20 |       7 |  25.9
       D:11 |    8184 |    1054 |  11.4 |      55 |       1 |   1.8
       D:12 |    6723 |    1452 |  17.8 |      52 |      33 |  38.8
     Lair:1 |    2778 |       0 |   0.0 |      14 |       0 |   0.0
     Lair:2 |    2502 |     482 |  16.2 |      12 |       3 |  20.0
     Lair:3 |    4650 |     797 |  14.6 |      19 |       1 |   5.0
     Lair:4 |     438 |       0 |   0.0 |       4 |       0 |   0.0
      Orc:1 |    1284 |     119 |   8.5 |      15 |       3 |  16.7
      Orc:2 |    2846 |    8810 |  75.6 |      30 |      60 |  66.7
            +---------+---------+-------+---------+---------+-------
